 Dungeon Crawl Stone Soup version 0.29.1-12-g30fa7ad0bf (webtiles) character file.

Game seed: 14922706773021599718

252 MacCMillion the Conjurer (level 5, -1/57 HPs)
             Began as a Draconian Conjurer on Jan 1, 2023.
             Slain by a killer bee (2 damage)
             ... on level 7 of the Dungeon on Jan 2, 2023.
             The game lasted 00:15:56 (5906 turns).

MacCMillion the Conjurer (Draconian Conjurer)       Turns: 5906, Time: 00:15:57

Health: -1/57      AC: 22    Str:  9    XL:     5   Next: 89%
Magic:  7/9        EV:  2    Int: 21    God:
Gold:   113        SH:  0    Dex:  9    Spells: 3/10 levels left

rFire   . . .      SeeInvis .   a - +1 dagger (elec)
rCold   . . .      Faith    .   (no shield)
rNeg    . . .      Spirit   .   (body armour unavailable)
rPois   +          Reflect  .   (helmet currently unavailable)
rElec   .          Harm     .   (cloak currently unavailable)
rCorr   .          Rampage  .   (gloves currently unavailable)
Will    .....      NoTele   +   (boots currently unavailable)
Stlth   ++........              (no amulet)
HPRegen 0.19/turn               (no ring)
MPRegen 0.11/turn               (no ring)

@: tree-form, hasted, very quick
A: stationary, stasis, torment immunity, boosted hp, AC +5, unfitting armour,
(cold-blooded)
a: no special abilities


You were on level 7 of the Dungeon.
You were a tree.
You visited 1 branch of the dungeon, and saw 7 of its levels.

You collected 158 gold pieces.
You spent 45 gold pieces at shops.

Inventory:

Hand Weapons
 a - a +1 dagger of electrocution (weapon)
 b - a +3 sling
 d - a +0 dagger
Armour
 r - a +0 pair of gloves (melded)
Magical Staves
 i - a staff of poison
Jewellery
 p - an amulet of regeneration
Wands
 v - a wand of polymorph (9)
Scrolls
 f - a scroll of poison
 h - a scroll of enchant armour {unknown}
 k - a scroll of torment {unknown}
 l - a scroll of magic mapping {unknown}
 o - a scroll of blinking
 q - a scroll of enchant weapon {unknown}
 u - a scroll of butterflies {unknown}
Potions
 c - 2 potions of mutation
 j - a potion of haste
 m - a potion of magic
 t - 2 potions of invisibility


   Skills:
 - Level 1.8 Dodging
 - Level 2.0 Stealth
 - Level 3.0 Spellcasting
 + Level 6.2 Conjurations
 + Level 1.8 Hexes


You had 3 spell levels left.
You knew the following spells:

 Your Spells              Type           Power      Damage    Failure   Level
a - Magic Dart            Conj           100%       1d8       1%          1
b - Searing Ray           Conj           58%        2d6       1%          2
c - Fulminant Prism       Conj/Hex       10%        3d9       26%         4

Your spell library contained the following spells:

 Spells                   Type           Power      Damage    Failure   Level
 Dazzling Flash           Conj/Hex       40%        N/A       8%          3
 Mephitic Cloud           Conj/Pois/Air  11%        N/A       17%         3
 Call Imp                 Summ           3%         N/A       21%         2
 Ozocubu's Armour         Ice            3%         N/A       36%         3
 Iskenderun's Mystic Bla  Conj/Tloc      16%        2d5       36%         4
 Metabolic Englaciation   Hex/Ice        3%         N/A       95%         5
 Simulacrum               Ice/Necr       1%         N/A       100%        6


Dungeon Overview and Level Annotations

Branches:
Dungeon (8/15)
 Temple: D:4-7         Lair: D:8-11

Altars:
Ashenzari
Okawaru
Uskayaw

Shops:
D:3 (*[:*

Portals:
Bailey: D:8

Annotations:
D:4 3 runed translucent doors, DildoBatman's ghost, amateur FoCj
D:8 exclusion: yak


Innate Abilities, Weirdness & Mutations

You are a tree.
Your roots penetrate the ground, keeping you stationary.
You cannot be teleported.
You are immune to unholy pain and torment.
Your maximum health is greatly increased.
Your equipment is partially melded.
((Your plain brown scales are hard. (AC +5)))
You cannot fit into any form of body armour.
((You are cold-blooded and may be slowed by cold attacks.))


Message History

Lightning courses through the killer bee!
You kill the killer bee!
The killer bee stings you but does no damage.
The killer bee stings you.
* * * LOW HITPOINT WARNING * * *
The killer bee stings you but does no damage. x2
You barely miss the killer bee.
The killer bee stings you but does no damage.
The killer bee stings you.
* * * LOW HITPOINT WARNING * * *
The killer bee stings you but does no damage. x2
Unknown command.
You feel better. The killer bee stings you.
* * * LOW HITPOINT WARNING * * *
You are lethally poisoned!
The killer bee poisons you!
The killer bee stings you but does no damage. x4
The killer bee stings you.
* * * LOW HITPOINT WARNING * * *
The killer bee stings you but does no damage. x2
You feel better.
The killer bee stings you but does no damage.
The killer bee stings you.
* * * LOW HITPOINT WARNING * * *
The killer bee stings you but does no damage. x2
Unknown command.
You hit the killer bee but do no damage.
The killer bee stings you but does no damage. x4
Unknown command.
You hit the killer bee.
The killer bee is lightly wounded.
The killer bee stings you but does no damage. x6
The killer bee stings you.
* * * LOW HITPOINT WARNING * * *
The killer bee stings you but does no damage.
Unknown command.
You miss the killer bee.
The killer bee stings you but does no damage.
The killer bee stings you.
You die...

# #
#.########.#
+.........+
#...yy....#
#..y♣...#
#..y†..##
#.#...## #
#####


You could see 4 killer bees.

Vanquished Creatures
  2 killer bees (D:7)
  A hound (D:3)
  An iguana (D:4)
  Robin (D:2)
  2 adders (D:4)
  A worm (D:3)
  A dart slug (D:1)
  5 orcs
  5 endoplasms
  2 giant cockroaches
  14 goblins
  8 hobgoblins
  A quokka (D:3)
  5 ball pythons
  10 bats
  A frilled lizard (D:3)
  8 kobolds
  3 rats
71 creatures vanquished.

Vanquished Creatures (others)
  A fungus (D:4)
  3 plants (D:4)
4 creatures vanquished.

Grand Total: 75 creatures vanquished

Notes
Turn   | Place    | Note
-------+----------+-------------------------------------------
     0 | D:1      | MacCMillion the Draconian Conjurer began the quest for the
                  | Orb.
     0 | D:1      | Reached XP level 1. HP: 14/14 MP: 3/3
   271 | D:1      | Reached XP level 2. HP: 15/20 MP: 0/5
   501 | D:1      | Learned a level 2 spell: Searing Ray
  1061 | D:1      | Found a faded altar of an unknown god.
  1608 | D:1      | Reached XP level 3. HP: 24/26 MP: 4/6
  2277 | D:2      | Noticed Robin
  2294 | D:2      | Reached skill level 5 in Conjurations
  2449 | D:2      | Killed Robin
  3217 | D:3      | Found Kuf Mang's Armour Emporium.
  3223 | D:3      | Bought a +0 pair of gloves for 45 gold pieces
  3242 | D:3      | Found Fuxaab's Book Shoppe.
  3332 | D:3      | Reached XP level 4. HP: 33/33 MP: 7/7
  3843 | D:3      | Found Nemikur's Weapon Shoppe.
  3879 | D:3      | Found Honin's Assorted Antiques.
  3991 | D:3      | Found Eroasch Wypp's Assorted Antiques.
  4273 | D:3      | Learned a level 4 spell: Fulminant Prism
  4629 | D:4      | Reached XP level 5. HP: 38/38 MP: 6/9
  4790 | D:4      | Found a runed translucent gate.
  4790 | D:4      | Found a runed translucent gate.
  4790 | D:4      | Found a runed translucent gate.
  4792 | D:4      | Noticed DildoBatman's ghost (amateur FoCj)
  5290 | D:4      | Found a hide-covered altar of Uskayaw.
  5298 | D:4      | Found a broken altar of Ashenzari.
  5570 | D:5      | Entered Level 5 of the Dungeon
  5629 | D:5      | You fall into a shaft and drop 3 floors!
  5683 | D:8      | Noticed an orc warrior
  5685 | D:8      | Reached skill level 1 in Hexes
  5695 | D:8      | Found an iron altar of Okawaru.
  5830 | D:8      | Noticed a yak
  5845 | D:8      | Noticed a yak
  5846 | D:8      | Noticed a yak
  5855 | D:8      | Noticed a yak
  5855 | D:8      | Noticed a yak
  5868 | D:8      | Found a flagged portal.
  5887 | D:7      | Reached skill level 6 in Conjurations
  5888 | D:7      | HP: 2/57 [killer bee (3)]
  5901 | D:7      | HP: 1/57 [killer bee (5)]
  5906 | D:7      | Slain by a killer bee

Illustrated notes

Levels and vault maps discovered:
D:1:      shiori_arrival_oz, layout_basic,
          hellmonk_ecumenical_altar_heavens_door
D:2:      layout_basic, uniq_robin
D:3:      kb_forest_paths, layout_loops_corners, serial_shops, shop,
          nicolae_shop_hallway_plus, shop, nicolae_shop_statue_plus,
          nicolae_shop_advertising_works [nicolae_subvault_shop_adworks]
D:4:      wander_river, layout_basic, amethyst_overflow_temple_binary,
          gammafunk_ghost_nasty_kobolds, serial_bayou_crossing
D:5:      layout_gridville
D:7:      layout_loops_corners, mainiacjoe_overflow_swirl, lemuel_crystal_altar,
          minmay_temple_entry_nine_rooms, serial_aquarium,
          aquarium_bridge_long_joined [aquarium_subvault_bridge,
          aquarium_subvault_bridge, aquarium_subvault_wall,
          aquarium_subvault_window, aquarium_subvault_wall,
          aquarium_subvault_wall], aquarium_window_corridor_1,
          aquarium_window_fake, aquarium_window_2, aquarium_window_1,
          aquarium_view_2f, aquarium_view_2d
D:8:      layout_cave_pools, mainiacjoe_overflow_alcove_4,
          nicolae_wu_jian_immortal_techniques, enter_bailey_6, special_room
          [special_room_orc], minmay_misc_feat_four_crosses,
          nicolae_fountain_basement, uniq_maurice

Skill      XL: |  1  2  3  4  5 |
---------------+----------------+-----
Stealth        | 2 |  2.0
Conjurations   | 5 6 |  6.2
Hexes          | 1 |  1.8
Spellcasting   | 3 |  3.0
Dodging        | |  1.8

Action                   |  1- 3 |  4- 6 || total
-------------------------+-------+-------++-------
Melee: Dagger            |    26 |    17 ||    43
       Tailslap          |     1 |       ||     1
 Fire: Sling             |    16 |    52 ||    68
 Cast: Magic Dart        |    63 |       ||    63
       Searing Ray       |     8 |    12 ||    20
  Use: Scroll            |       |    10 ||    10
       Potion            |       |     7 ||     7
Armor: Skin              |    14 |   149 ||   163
Dodge: Dodged            |    29 |    27 ||    56
